TOP OF THE 1ST |
Kalamazoo Royale with Cheese batting - Pitching for Austin River Sharks : RHP José Martínez
|
Pitching: RHP José Martínez
|
|
Batting: LHB Bryce Hopkins
|
0-0: Ball 1-0: DOUBLE (Line Drive, 3D)
|
Batting: RHB Eugenio Lucero
|
0-0: Swinging Strike 0-1: Called Strike 0-2: Ball 1-2: Strikes out swinging
|
Batting: LHB Robbie McLaughlin
|
0-0: Called Strike 0-1: Foul Ball, location: 2F 0-2: Ball 1-2: Hit by Pitch
|
Batting: LHB Stan Hickman
|
0-0: Ball 1-0: Foul Ball, location: 2F 1-1: Fly out, F9 (Flyball, 89M)
|
Batting: RHB Run-ming Zhu
|
0-0: Ball 1-0: Ball Wild Pitch! Bryce Hopkins to third Robbie McLaughlin to second 2-0: SINGLE (Groundball, 6D) Bryce Hopkins scores Robbie McLaughlin to third Runner from 3rd tries for Home, SAFE, no throw or cutoff
|
Batting: LHB Ben Moss
|
0-0: Called Strike 0-1: Called Strike 0-2: Ball 1-2: Foul Ball, location: 2F 1-2: Foul Ball, location: 2F 1-2: Ball 2-2: Ground out 4-3 (Groundball, 34)
|
Top of the 1st over - 2 run(s), 2 hit(s), 0 error(s), 1 left on base; Kalamazoo 2 - Austin 0 |
BOTTOM OF THE 1ST |
Austin River Sharks batting - Pitching for Kalamazoo Royale with Cheese : RHP Jim Hendon
|
Pitching: RHP Jim Hendon
|
|
Batting: RHB Tyler Wagner
|
0-0: Ball 1-0: Ball 2-0: Ball 3-0: Base on Balls
|
Batting: SHB Juan Castro
|
0-0: Ball 1-0: Ball 2-0: Called Strike 2-1: 2-RUN HOME RUN (Line Drive, 9LD), Distance : 353 ft
|
Batting: LHB Roberto García
|
0-0: Ball 1-0: Called Strike 1-1: Called Strike 1-2: Ball 2-2: Strikes out swinging
|
Batting: RHB José Balina
|
0-0: Ball 1-0: Ball 2-0: Called Strike 2-1: Ball 3-1: Ground out 4-3 (Groundball, 4M)
|
Batting: LHB Pedro Zaragoza
|
0-0: Ball 1-0: SOLO HOME RUN (Line Drive, 89XD), Distance : 393 ft
|
Batting: RHB Rich Ruffin
|
0-0: Ball 1-0: Swinging Strike 1-1: Foul Ball, location: 2F 1-2: Ball 2-2: Strikes out swinging
|
Bottom of the 1st over - 3 run(s), 2 hit(s), 0 error(s), 0 left on base; Kalamazoo 2 - Austin 3 |
TOP OF THE 2ND |
Kalamazoo Royale with Cheese batting - Pitching for Austin River Sharks : RHP José Martínez
|
Batting: RHB Juan Mendoza
|
0-0: Bunt for hit - play at first, batter OUT! 1-3
|
Batting: RHB Matt Perkins
|
0-0: Ball 1-0: SINGLE (Groundball, 56D)
|
Batting: SHB Jack Fountain
|
0-0: SINGLE (Groundball, 34D) Matt Perkins to second Runner from 2nd tries for 3rd, SAFE, throw made to third
|
Batting: LHB Bryce Hopkins
|
0-0: Ball 1-0: Called Strike Jack Fountain steals 2nd base 1-1: Swinging Strike 1-2: Fly out, F8 (Flyball, 8LD) Runner from 3rd tags up, SCORES, no throw Jack Fountain to third
|
Batting: RHB Eugenio Lucero
|
0-0: SINGLE (Flyball, 8LS) Jack Fountain scores
|
Batting: LHB Robbie McLaughlin
|
0-0: Swinging Strike 0-1: Ball 1-1: Called Strike 1-2: SINGLE (Line Drive, 56D) Eugenio Lucero to second
|
Batting: LHB Stan Hickman
|
0-0: Foul Ball, location: 2F 0-1: Called Strike 0-2: Ball 1-2: Foul Ball, location: 2F 1-2: Ball 2-2: Foul Ball, location: 2F 2-2: Foul Ball, location: 2F 2-2: Ball 3-2: Strikes out swinging
|
Top of the 2nd over - 2 run(s), 4 hit(s), 0 error(s), 2 left on base; Kalamazoo 4 - Austin 3 |
BOTTOM OF THE 2ND |
Austin River Sharks batting - Pitching for Kalamazoo Royale with Cheese : RHP Jim Hendon
|
Batting: RHB Kenneth Roberts
|
0-0: Ball 1-0: Called Strike 1-1: Ball 2-1: Swinging Strike 2-2: Ball 3-2: Strikes out swinging
|
Batting: LHB Terry Maloney
|
0-0: Ball 1-0: SINGLE (Groundball, 5D)
|
Batting: RHB Hidetada Kichida
|
0-0: Foul Ball, location: 2F 0-1: Foul Ball, location: 2F 0-2: Foul Ball, location: 2F 0-2: Ball 1-2: Ball 2-2: Foul Ball, location: 2F 2-2: SINGLE (Line Drive, 4MD) Terry Maloney to second
|
Batting: RHB Tyler Wagner
|
0-0: SINGLE (Groundball, 5D) Terry Maloney to third Hidetada Kichida to second Runner from 3rd tries for Home, SAFE, throw made home Hidetada Kichida to third Tyler Wagner to second
|
Batting: SHB Juan Castro
|
0-0: Fly out, F7 (Flyball, 78S)
|
Batting: LHB Roberto García
|
0-0: Ball 1-0: Swinging Strike 1-1: Ground out 6-3 (Groundball, 6)
|
Bottom of the 2nd over - 1 run(s), 3 hit(s), 0 error(s), 2 left on base; Kalamazoo 4 - Austin 4 |
TOP OF THE 3RD |
Kalamazoo Royale with Cheese batting - Pitching for Austin River Sharks : RHP José Martínez
|
Batting: RHB Run-ming Zhu
|
0-0: Ball 1-0: Called Strike 1-1: Ball 2-1: Foul Ball, location: 2F 2-2: Foul Ball, location: 2F 2-2: Ball 3-2: Foul Ball, location: 2F 3-2: Fly out, F8 (Flyball, 8LS)
|
Batting: LHB Ben Moss
|
0-0: Ball 1-0: Foul Ball, location: 2F 1-1: Foul Ball, location: 2F 1-2: Foul Ball, location: 2F 1-2: Strikes out looking
|
Batting: RHB Juan Mendoza
|
0-0: Ball 1-0: Ball 2-0: DOUBLE (Flyball, 7D)
|
Batting: RHB Matt Perkins
|
0-0: Fly out, F2 (Popup, 2LF)
|
Top of the 3rd over - 0 run(s), 1 hit(s), 0 error(s), 1 left on base; Kalamazoo 4 - Austin 4 |
BOTTOM OF THE 3RD |
Austin River Sharks batting - Pitching for Kalamazoo Royale with Cheese : RHP Jim Hendon
|
Batting: RHB José Balina
|
0-0: Ball 1-0: Called Strike 1-1: Swinging Strike 1-2: Ball 2-2: Ball 3-2: Base on Balls
|
Batting: LHB Pedro Zaragoza
|
0-0: Fly out, F6 (Popup, 6MD)
|
Batting: RHB Rich Ruffin
|
0-0: Swinging Strike 0-1: Ball 1-1: Ball 2-1: Called Strike 2-2: Grounds into double play, 6-4-3 (Groundball, 6)
|
Bottom of the 3rd over - 0 run(s), 0 hit(s), 0 error(s), 0 left on base; Kalamazoo 4 - Austin 4 |
TOP OF THE 4TH |
Kalamazoo Royale with Cheese batting - Pitching for Austin River Sharks : RHP José Martínez
|
Batting: SHB Jack Fountain
|
0-0: Ball 1-0: DOUBLE (Flyball, 8RD)
|
Batting: LHB Bryce Hopkins
|
0-0: Called Strike 0-1: Foul Ball, location: 2F 0-2: Ball 1-2: Ball 2-2: Strikes out looking
|
Batting: RHB Eugenio Lucero
|
0-0: Foul Ball, location: 2F 0-1: Ball 1-1: Foul Ball, location: 2F 1-2: Ball 2-2: Foul Ball, location: 2F 2-2: Fly out, F7 (Flyball, 78M)
|
Batting: LHB Robbie McLaughlin
|
0-0: Called Strike 0-1: Ball 1-1: Ball 2-1: Foul Ball, location: 2F 2-2: Ball 3-2: Foul Ball, location: 2F 3-2: Foul Ball, location: 2F 3-2: SINGLE (Line Drive, 78S) Jack Fountain to third Jack Fountain scores
|
Batting: LHB Stan Hickman
|
0-0: Called Strike 0-1: Fly out, F8 (Flyball, 8RXD)
|
Top of the 4th over - 1 run(s), 2 hit(s), 0 error(s), 1 left on base; Kalamazoo 5 - Austin 4 |
BOTTOM OF THE 4TH |
Austin River Sharks batting - Pitching for Kalamazoo Royale with Cheese : RHP Jim Hendon
|
Batting: RHB Kenneth Roberts
|
0-0: Called Strike 0-1: Ground out 6-3 (Groundball, 6)
|
Batting: LHB Terry Maloney
|
0-0: Ball 1-0: Called Strike 1-1: Swinging Strike 1-2: Ball 2-2: Strikes out looking
|
Batting: RHB Hidetada Kichida
|
0-0: Ball 1-0: Swinging Strike 1-1: Swinging Strike 1-2: Strikes out swinging
|
Bottom of the 4th over - 0 run(s), 0 hit(s), 0 error(s), 0 left on base; Kalamazoo 5 - Austin 4 |
TOP OF THE 5TH |
Kalamazoo Royale with Cheese batting - Pitching for Austin River Sharks : RHP José Martínez
|
Batting: RHB Run-ming Zhu
|
0-0: Ball 1-0: Ball 2-0: Ball 3-0: Called Strike 3-1: Foul Ball, location: 2F 3-2: Reached on error, E6 (Groundball, 56)
|
Batting: LHB Ben Moss
|
0-0: Foul Ball, location: 2F 0-1: Grounds into double play, 4-6-3 (Groundball, 4)
|
Batting: RHB Juan Mendoza
|
0-0: Called Strike 0-1: Ground out 4-3 (Groundball, 13)
|
Top of the 5th over - 0 run(s), 0 hit(s), 1 error(s), 0 left on base; Kalamazoo 5 - Austin 4 |
BOTTOM OF THE 5TH |
Austin River Sharks batting - Pitching for Kalamazoo Royale with Cheese : RHP Jim Hendon
|
Batting: RHB Tyler Wagner
|
0-0: Ball 1-0: Ball 2-0: Ball 3-0: Called Strike 3-1: Foul Ball, location: 2F 3-2: Strikes out swinging
|
Batting: SHB Juan Castro
|
0-0: Ball 1-0: Called Strike 1-1: Ball 2-1: Ball 3-1: Ground out 4-3 (Groundball, 4)
|
Batting: LHB Roberto García
|
0-0: Ball 1-0: Ball 2-0: Fly out, F7 (Flyball, 78M)
|
Bottom of the 5th over - 0 run(s), 0 hit(s), 0 error(s), 0 left on base; Kalamazoo 5 - Austin 4 |
TOP OF THE 6TH |
Kalamazoo Royale with Cheese batting - Pitching for Austin River Sharks : RHP José Martínez
|
Pitching: RHP Daniel Morris
|
|
Batting: RHB Matt Perkins
|
0-0: Swinging Strike 0-1: Swinging Strike 0-2: Strikes out swinging
|
Batting: SHB Jack Fountain
|
0-0: Ball 1-0: Ball 2-0: Foul Ball, location: 2F 2-1: Foul Ball, location: 2F 2-2: SINGLE (Popup, 7S)
|
Batting: LHB Bryce Hopkins
|
0-0: Ball 1-0: Foul Ball, location: 2F 1-1: SINGLE (Groundball, 4MD) Jack Fountain to second Runner from 2nd tries for 3rd, SAFE, no throw or cutoff
|
Batting: RHB Eugenio Lucero
|
0-0: Ball 1-0: Ball 2-0: Ball Bryce Hopkins steals 2nd base 3-0: Called Strike 3-1: Ground out 6-3 (Groundball, 56) Jack Fountain scores
|
Batting: LHB Robbie McLaughlin
|
0-0: Called Strike 0-1: Fly out, F6 (Popup, 6MD)
|
Top of the 6th over - 1 run(s), 2 hit(s), 0 error(s), 1 left on base; Kalamazoo 6 - Austin 4 |
BOTTOM OF THE 6TH |
Austin River Sharks batting - Pitching for Kalamazoo Royale with Cheese : RHP Jim Hendon
|
Batting: RHB José Balina
|
0-0: Ball 1-0: Ball 2-0: Called Strike 2-1: Called Strike 2-2: Strikes out swinging
|
Batting: LHB Pedro Zaragoza
|
0-0: Swinging Strike 0-1: Ball 1-1: Foul Ball, location: 2F 1-2: Strikes out swinging
|
Batting: RHB Rich Ruffin
|
0-0: Ball 1-0: Ball 2-0: Ball 3-0: Swinging Strike 3-1: Called Strike 3-2: Foul Ball, location: 2F 3-2: Base on Balls
|
Batting: RHB Kenneth Roberts
|
0-0: Called Strike 0-1: Ball 1-1: Ball 2-1: Foul Ball, location: 2F 2-2: Foul Ball, location: 2F 2-2: Fly out, F9 (Flyball, 9D)
|
Bottom of the 6th over - 0 run(s), 0 hit(s), 0 error(s), 1 left on base; Kalamazoo 6 - Austin 4 |
TOP OF THE 7TH |
Kalamazoo Royale with Cheese batting - Pitching for Austin River Sharks : RHP Daniel Morris
|
Batting: LHB Stan Hickman
|
0-0: Foul Ball, location: 2F 0-1: Ball 1-1: Called Strike 1-2: Strikes out swinging
|
Pitching: RHP Armen Boyajian
|
|
Batting: RHB Run-ming Zhu
|
0-0: Ball 1-0: Ball 2-0: Ball 3-0: Base on Balls
|
Batting: LHB Ben Moss
|
0-0: Foul Ball, location: 2F 0-1: Ball 1-1: Foul Ball, location: 2F 1-2: Foul Ball, location: 2F 1-2: Ball 2-2: Foul Ball, location: 2F 2-2: Ball 3-2: Base on Balls Run-ming Zhu to second
|
Batting: RHB Juan Mendoza
|
0-0: Called Strike 0-1: Ball 1-1: Foul Ball, location: 2F 1-2: Foul Ball, location: 2F 1-2: Strikes out swinging
|
Batting: RHB Matt Perkins
|
0-0: Ball 1-0: Swinging Strike 1-1: Swinging Strike 1-2: Foul Ball, location: 2F 1-2: Strikes out swinging
|
Top of the 7th over - 0 run(s), 0 hit(s), 0 error(s), 2 left on base; Kalamazoo 6 - Austin 4 |
BOTTOM OF THE 7TH |
Austin River Sharks batting - Pitching for Kalamazoo Royale with Cheese : RHP Jim Hendon
|
Pitching: LHP William Watson
|
|
Batting: LHB Terry Maloney
|
0-0: Called Strike 0-1: Ball 1-1: Called Strike 1-2: Ground out 5-3 (Groundball, 56S)
|
Pitching: RHP Juan González
|
|
Batting: RHB Hidetada Kichida
|
0-0: Called Strike 0-1: Called Strike 0-2: Ball 1-2: Strikes out swinging
|
Batting: RHB Tyler Wagner
|
0-0: Ball 1-0: Fly out, F8 (Flyball, 8RXD)
|
Bottom of the 7th over - 0 run(s), 0 hit(s), 0 error(s), 0 left on base; Kalamazoo 6 - Austin 4 |
TOP OF THE 8TH |
Kalamazoo Royale with Cheese batting - Pitching for Austin River Sharks : RHP Armen Boyajian
|
Batting: SHB Jack Fountain
|
0-0: Swinging Strike 0-1: Swinging Strike 0-2: Ball 1-2: Ground out U3 (Groundball, 3S)
|
Batting: LHB Bryce Hopkins
|
0-0: Ball 1-0: Ground out 4-3 (Groundball, 4)
|
Batting: RHB Eugenio Lucero
|
0-0: Ball 1-0: Swinging Strike 1-1: Called Strike 1-2: Strikes out swinging
|
Top of the 8th over - 0 run(s), 0 hit(s), 0 error(s), 0 left on base; Kalamazoo 6 - Austin 4 |
BOTTOM OF THE 8TH |
Austin River Sharks batting - Pitching for Kalamazoo Royale with Cheese : RHP Juan González
|
Batting: SHB Juan Castro
|
0-0: Called Strike 0-1: Ball 1-1: Foul Ball, location: 2F 1-2: Foul Ball, location: 2F 1-2: Fly out, F9 (Flyball, 89M)
|
Batting: LHB Roberto García
|
0-0: Swinging Strike 0-1: Foul Ball, location: 2F 0-2: Strikes out looking
|
Batting: RHB José Balina
|
0-0: Foul Ball, location: 2F 0-1: Swinging Strike 0-2: Fly out, F4 (Line Drive, 4)
|
Bottom of the 8th over - 0 run(s), 0 hit(s), 0 error(s), 0 left on base; Kalamazoo 6 - Austin 4 |
TOP OF THE 9TH |
Kalamazoo Royale with Cheese batting - Pitching for Austin River Sharks : RHP Armen Boyajian
|
Batting: LHB Robbie McLaughlin
|
0-0: Ball 1-0: Ball 2-0: Swinging Strike 2-1: Foul Ball, location: 2F 2-2: Foul Ball, location: 2F 2-2: Ball 3-2: Foul Ball, location: 2F 3-2: Ground out 5-3 (Groundball, 56S)
|
Batting: LHB Stan Hickman
|
0-0: SINGLE (Flyball, 7LS)
|
Batting: RHB Run-ming Zhu
|
0-0: Grounds into double play, 5-4-3 (Groundball, 56)
|
Top of the 9th over - 0 run(s), 1 hit(s), 0 error(s), 0 left on base; Kalamazoo 6 - Austin 4 |
BOTTOM OF THE 9TH |
Austin River Sharks batting - Pitching for Kalamazoo Royale with Cheese : RHP Juan González
|
Pitching: LHP Gian-Andrea Nota
|
|
Batting: LHB Pedro Zaragoza
|
0-0: Ball 1-0: Ball 2-0: Ground out U3 (Groundball, 3L)
|
Batting: RHB Rich Ruffin
|
0-0: SINGLE (Flyball, 7S)
|
Batting: RHB Kenneth Roberts
|
0-0: Ground out 6-3 (Groundball, 6) Rich Ruffin to second
|
Batting: LHB Terry Maloney
|
0-0: Called Strike 0-1: Ball 1-1: Ball 2-1: Ball 3-1: Base on Balls
|
Batting: RHB Hidetada Kichida
|
0-0: Called Strike 0-1: Swinging Strike 0-2: Foul Ball, location: 2F 0-2: Foul Ball, location: 2F 0-2: SINGLE (Groundball, 5L) Rich Ruffin to third Terry Maloney to second
|
Batting: RHB Tyler Wagner
|
0-0: Foul Ball, location: 2F 0-1: Ball 1-1: Swinging Strike 1-2: Foul Ball, location: 2F 1-2: Ball 2-2: Strikes out looking
|
Bottom of the 9th over - 0 run(s), 2 hit(s), 0 error(s), 3 left on base; Kalamazoo 6 - Austin 4 |
|